 Dungeon Crawl Stone Soup version 0.28.0-43-g3370ac3207 (webtiles) character file.

Game seed: 17252530957272434901

6299 Peloso the Carver (level 10, 0/90 HPs)
             Began as a Minotaur Fighter on Feb 28, 2022.
             Slain by Maggie
             ... wielding a +0 war axe of flaming
              (4 damage)
             ... on level 8 of the Dungeon.
             The game lasted 00:16:44 (9367 turns).

Peloso the Carver (Minotaur Fighter)                Turns: 9367, Time: 00:16:45

Health: 0/90       AC: 15    Str: 22    XL:     10   Next: 63%
Magic:  9/9        EV:  8    Int:  5    God:
Gold:   311        SH:  7    Dex: 13    Spells: 9/9 levels left

rFire   . . .      SeeInvis .   a - +3 falchion
rCold   . . .      Faith    .   c - +1 buckler
rNeg    . . .      Spirit   .   d - +0 plate armour
rPois   .          Reflect  .   (helmet restricted)
rElec   .          Harm     .   (no cloak)
rCorr   .          Rampage  .   e - +0 pair of gloves
Will    .....                   (no boots)
Stlth   ..........              (no amulet)
HPRegen 0.25/turn               (no ring)
MPRegen 0.11/turn               (no ring)

@: brilliant, mesmerised, invisible
A: horns 2, retaliatory headbutt
a: no special abilities


You were on level 8 of the Dungeon.
You visited 1 branch of the dungeon, and saw 8 of its levels.
You also visited: Bailey.

You collected 311 gold pieces.

Inventory:

Hand Weapons
 a - a +3 falchion (weapon)
Armour
 b - a +0 scale mail
 c - a +1 buckler (worn)
 d - a +0 plate armour (worn)
 e - a +0 pair of gloves (worn)
 m - a +0 chain mail
Jewellery
 i - a ring of magical power
Scrolls
 h - a scroll of noise {unknown}
 n - a scroll of enchant armour
 o - a scroll of holy word {unknown}
 p - 3 scrolls of enchant weapon
 q - 2 scrolls of blinking
 r - a scroll of fog {unknown}
 w - 2 scrolls of vulnerability {unknown}
Potions
 g - 4 potions of magic
 k - a potion of degeneration {unknown}
 s - a potion of brilliance
 t - 3 potions of mutation
 u - a potion of lignification {unknown}


   Skills:
 + Level 8.6 Fighting
 + Level 11.5 Long Blades
 + Level 9.8 Armour
 + Level 4.2 Dodging
 + Level 1.3 Stealth
 + Level 9.1 Shields
 + Level 1.9 Evocations


You had 9 spell levels left.
You didn't know any spells.
Your spell library contained the following spells:

 Spells                   Type           Power      Damage    Failure   Level
 Call Canine Familiar     Summ           0%         N/A       100%        3
 Portal Projectile        Hex/Tloc       0%         N/A       100%        3
 Tukima's Dance           Hex            0%         N/A       100%        3
 Leda's Liquefaction      Hex/Erth       0%         N/A       100%        4
 Passage of Golubria      Tloc           0%         N/A       100%        4
 Iskenderun's Battlesphe  Conj           0%         2d6       100%        5
 Silence                  Hex/Air        0%         N/A       100%        5
 Yara's Violent Unravell  Hex/Tmut       0%         3d3       100%        5
 Iron Shot                Conj/Erth      0%         9d1       100%        6
 Spellforged Servitor     Conj/Summ      0%         N/A       100%        7
 Lehudib's Crystal Spear  Conj/Erth      0%         10d2      100%        8


Dungeon Overview and Level Annotations

Branches:
Dungeon (8/15)             Temple (0/1) D:7          Bailey (visited)
   Lair: D:8-11

Altars:
Dithmenos

Annotations:
D:8 Erica, Maggie, Psyche


Innate Abilities, Weirdness & Mutations

You have a pair of horns on your head.
You reflexively headbutt those who attack you in melee.


Message History

The bolt of fire misses you.
Unknown command.
You barely miss Erica. You headbutt Erica!
Erica is lightly wounded.
You feel sick. Erica hits you but does no damage.
Unknown command.
You slash Erica! Your headbutt misses Erica.
Erica is moderately wounded.
You block Erica's attack.
Unknown command.
You catch the helpless Erica completely off-guard!
You hit Erica.
Erica is moderately wounded.
You feel sick.
Maggie gives herself a magical halo, but it quickly sputters out.
Unknown command.
You slash Erica!
Erica is heavily wounded.
You feel sick.
Erica hits you with a +0 scimitar of flaming.
* * * LOW HITPOINT WARNING * * *
Erica burns you.
* * * LOW HITPOINT WARNING * * *
You catch the helpless Erica completely off-guard!
You hit Erica.
Erica is heavily wounded.
You feel sick. Erica hits you but does no damage.
Unknown command.
Okay, then.
You catch the helpless Erica completely off-guard!
You slash Erica!
Erica is severely wounded.
You feel sick.
You are no longer poisoned.
Erica barely misses you.
Unknown command.
You completely miss Erica. You headbutt Erica.
Erica is severely wounded.
Maggie hits you with a +0 war axe of flaming.
You die...

..... ...# ...# ...#
#..# # # #..#
##.#########.###..##
# ......... #@@..#
###############.@..#
................#[.#
#################..#
......... ..#
########### .##
......... ##
.#########. # #


You could see Erica and Maggie (mesmerising).

Vanquished Creatures
  2 vault guards (Bailey)
  Grinder (D:4)
  A hornet (D:7)
  Prince Ribbit (D:6)
  A blink frog (Bailey)
  2 wyverns
  5 humans (Bailey)
  Eustachio (D:5)
  2 wargs (D:8)
  2 orc warriors
  An acid dragon (D:8)
  A sky beast (D:4)
  2 ice beasts
  A necrophage (D:5)
  A kobold brigand (D:6)
  Blork the orc (D:6)
  11 bullfrogs (Bailey)
  A gnoll sergeant (D:6)
  A water moccasin zombie (D:5)
  6 wights
  2 centaur zombies
  6 hounds
  6 orc priests
  A centaur skeleton (D:4)
  2 iguanas
  Natasha (thrice) (D:2)
  7 orc wizards
  A hound skeleton (D:4)
  A howler monkey zombie (D:7)
  6 adders
  9 gnolls
  2 howler monkey skeletons
  A white imp (D:5)
  A worm (D:5)
  39 orcs
  7 endoplasms
  4 giant cockroaches
  12 goblins
  8 hobgoblins
  3 jackals (D:5)
  10 kobolds
  A quokka (D:1)
  6 ball pythons
  3 bats
  A frilled lizard (D:1)
  5 rats
191 creatures vanquished.

Vanquished Creatures (others)
  A plant (D:8)
1 creature vanquished.

Grand Total: 192 creatures vanquished

Notes
Turn   | Place    | Note
-------+----------+-------------------------------------------
     0 | D:1      | Peloso the Minotaur Fighter began the quest for the Orb.
     0 | D:1      | Reached XP level 1. HP: 19/19 MP: 0/0
   208 | D:1      | Reached XP level 2. HP: 26/27 MP: 1/1
   906 | D:2      | Reached XP level 3. HP: 32/33 MP: 2/2
  1280 | D:2      | Noticed Natasha
  1288 | D:2      | Killed Natasha
  1289 | D:2      | Reached skill level 3 in Long Blades
  1289 | D:2      | Reached XP level 4. HP: 29/40 MP: 3/3
  1629 | D:2      | Noticed Natasha
  1639 | D:2      | Killed Natasha
  1920 | D:2      | Noticed Natasha
  1929 | D:2      | Killed Natasha
  1930 | D:2      | Reached skill level 1 in Dodging
  1930 | D:2      | Reached XP level 5. HP: 40/47 MP: 4/4
  2119 | D:3      | Reached skill level 4 in Long Blades
  2381 | D:3      | Found a faded altar of an unknown god.
  2887 | D:4      | Reached skill level 5 in Shields
  2968 | D:4      | Reached skill level 5 in Armour
  3114 | D:4      | Reached XP level 6. HP: 47/55 MP: 5/5
  3285 | D:4      | Noticed a sky beast
  3304 | D:4      | Killed a sky beast
  3305 | D:4      | Reached skill level 5 in Fighting
  3305 | D:4      | Reached skill level 5 in Long Blades
  3551 | D:4      | Found a shadowy altar of Dithmenos.
  4081 | D:5      | Entered Level 5 of the Dungeon
  4081 | D:5      | Noticed Eustachio
  4081 | D:5      | Noticed Grinder
  4095 | D:4      | Killed Grinder
  4096 | D:4      | Reached skill level 6 in Long Blades
  4096 | D:4      | Reached XP level 7. HP: 56/61 MP: 6/6
  4458 | D:5      | Killed Eustachio
  4562 | D:5      | Reached XP level 8. HP: 43/70 MP: 7/7
  4568 | D:5      | Reached skill level 7 in Long Blades
  5360 | D:6      | Noticed Blork the orc
  5383 | D:6      | Killed Blork the orc
  5523 | D:6      | Reached skill level 1 in Stealth
  5888 | D:6      | Noticed Prince Ribbit
  5899 | D:6      | Killed Prince Ribbit
  5900 | D:6      | Reached skill level 8 in Long Blades
  6422 | D:6      | Reached XP level 9. HP: 57/78 MP: 8/8
  6788 | D:7      | Found a staircase to the Ecumenical Temple.
  6802 | D:7      | Reached skill level 9 in Long Blades
  6912 | D:7      | Found a flagged portal.
  6986 | Bailey   | Entered a bailey
  7275 | Bailey   | Reached skill level 10 in Long Blades
  7335 | Bailey   | Noticed a vault guard
  7347 | Bailey   | Killed a vault guard
  7348 | Bailey   | Reached XP level 10. HP: 64/88 MP: 9/9
  7527 | Bailey   | Reached skill level 1 in Evocations
  7663 | Bailey   | Noticed a vault guard
  7787 | Bailey   | Killed a vault guard
  7788 | Bailey   | Reached skill level 11 in Long Blades
  9184 | D:8      | Noticed Maggie
  9205 | D:8      | Noticed Psyche
  9350 | D:8      | Noticed Erica
  9365 | D:8      | HP: 4/90 [poisoned by Erica (bolt of poison)]
  9367 | D:8      | Slain by Maggie

Illustrated notes

Levels and vault maps discovered:
D:1:      saegor_arrival_simple_e, layout_basic, moated_statue,
          lemuel_old_faithful
D:2:      layout_basic, uniq_natasha
D:3:      minmay_general_purpose_star, layout_basic,
          chequers_ecumenical_altar_simple, minivault_11
D:4:      layout_gridville, nicolae_dithmenos_through_a_glass_darkly
D:5:      layout_cave_pools, uniq_eustachio, uniq_grinder
D:6:      layout_loops_corners, uniq_blork_the_orc, uniq_prince_ribbit1
D:7:      layout_layer_cave, minmay_temple_entry_statues_pillars,
          enter_bailey_5, minmay_misc_feat_four_crosses
D:8:      layout_rooms, erik_lair_orcish_takeover, serial_co_window_serial,
          co_window_paths_a, co_window_of_opportunity_a, co_window_cross_1,
          co_window_paths_a, co_window_corner_a, co_window_of_opportunity_a,
          co_window_paths_a, co_window_of_opportunity_a, co_window_paths_b,
          co_window_of_opportunity_b, co_window_unsneaky_path_e,
          co_window_paths_c, co_window_paths_d, glass_columns_a,
          enter_ossuary_4, uniq_psyche, uniq_maggie, uniq_erica, uniq_gastronok

Skill      XL: |  1  2  3  4  5  6  7  8  9 10 |
---------------+-------------------------------+-----
Armour         | 4 5 6 7 8 9 |  9.8
Fighting       | 4 5 6 7 8 |  8.6
Shields        | 4 5 6 8 9 |  9.1
Long Blades    | 3 4 6 8 10 11 | 11.5
Dodging        | 1 2 3 4 |  4.2
Stealth        | 1 |  1.3
Evocations     | 1 |  1.9

Action                   |  1- 3 |  4- 6 |  7- 9 | 10-12 || total
-------------------------+-------+-------+-------+-------++-------
Melee: Long sword        |    75 |   140 |   318 |    47 ||   580
       Headbutt          |     4 |    18 |    52 |    34 ||   108
       Falchion          |       |       |       |   109 ||   109
Evoke: Wand              |       |       |     9 |     5 ||    14
  Use: Scroll            |       |     7 |     2 |     5 ||    14
       Potion            |       |       |     2 |     5 ||     7
 Stab: Invisible         |       |       |       |     3 ||     3
Armor: Scale mail        |    47 |    56 |       |       ||   103
       Chain mail        |       |     6 |   207 |     1 ||   214
       Plate armour      |       |       |       |    95 ||    95
Dodge: Dodged            |    60 |    50 |   158 |    59 ||   327
Block: Buckler           |    24 |    41 |   136 |    48 ||   249
